 Dungeon Crawl Stone Soup version 0.30-a0-6-g7c9e10e132 (webtiles) character file.

Game seed: 4145748935536933523

302350 Flugkiller the Warrior (level 20, -2/184 (195) HPs)
             Began as a Minotaur Fighter on Aug 22, 2022.
             Was an Elder of Qazlal.
             Killed from afar by a tengu reaver (23 damage)
             ... with a bolt of acid
             ... on level 5 of the Vaults.
             The game lasted 00:26:10 (44167 turns).

Flugkiller the Warrior (Minotaur Fighter)          Turns: 44167, Time: 00:26:11

HP:   -2/184 (195)  AC: 31    Str: 22    XL:     20   Next: 21%
MP:   30/30         EV: 13    Int:  5    God:    Qazlal [****..]
Gold: 2217          SH: 33    Dex: 18    Spells: 19/19 levels left

rFire   + . .      SeeInvis .    S - +8 broad axe (spect)
rCold   + + .      Faith    .    X - +0 tower shield {rC+ rF+}
rNeg    + . .      Spirit   .    I - +4 plate armour {rPois}
rPois   +          Reflect  +    u - +2 hat {Will+}
rElec   +          Harm     .    L - +1 cloak {Stlth+}
rCorr   .          Rampage  .    a - +2 pair of gloves
Will    +++..                    (no boots)
Stlth   ..........               D - amulet of reflection
HPRegen 0.40/turn                O - ring of willpower
MPRegen 0.22/turn                Q - ring "Rum Noco" {rElec rPois rC+ rN+}

@: drained, repel missiles
A: horns 2, retaliatory headbutt
}: 2/15 runes: decaying, serpentine
a: Renounce Religion, Upheaval, Elemental Force


You were on level 5 of the Vaults.
You worshipped Qazlal.
Qazlal was greatly pleased with you.
You visited 7 branches of the dungeon, and saw 36 of its levels.
You visited 1 bazaar.
You also visited: Ossuary, Bailey and Gauntlet.

You collected 2918 gold pieces.
You spent 701 gold pieces at shops.

Inventory:

Hand Weapons
 S - a +8 spectral broad axe (weapon)
   (You took it off an orc warlord in a bailey)
Missiles
 W - 2 throwing nets (quivered)
Armour
 a - a +2 pair of gloves (worn)
   (You found it on level 5 of the Lair of Beasts)
 e - a +2 hat
   (You found it on level 3 of the Dungeon)
 u - a +2 hat of willpower (worn)
   (You found it in a Gauntlet)
 I - a +4 plate armour of poison resistance (worn)
   (You bought it in a shop on level 2 of the Orcish Mines)
 L - a +1 cloak of stealth (worn)
   (You found it in a Gauntlet)
 U - a +0 kite shield of protection
   (You took it off a naga warrior on level 1 of the Snake Pit)
 X - a +0 tower shield of resistance (worn)
   (You took it off a vault guard on level 1 of the Vaults)
Jewellery
 f - a ring of protection from fire
   (You found it on level 5 of the Lair of Beasts)
 i - a ring of see invisible
   (You found it on level 3 of the Dungeon)
 m - a ring of willpower
   (You found it on level 7 of the Dungeon)
 v - a +4 ring of evasion
   (You found it on level 12 of the Dungeon)
 D - an amulet of reflection (around neck)
   (You found it on level 1 of the Dungeon)
 H - the ring of the Frog {rElec rC+ Int+4 Dex+4}
   (You acquired it on level 7 of the Dungeon)

   [ring of protection from cold]

   Int:       It affects your intelligence (+4).
   Dex:       It affects your dexterity (+4).
   rC:        It protects you from cold.
   rElec:     It insulates you from electricity.
 O - a ring of willpower (left hand)
   (You found it on level 8 of the Dungeon)
 Q - the ring "Rum Noco" (right hand) {rElec rPois rC+ rN+}
   (You found it on level 5 of the Lair of Beasts)

   [ring of positive energy]

   rC:        It protects you from cold.
   rElec:     It insulates you from electricity.
   rPois:     It protects you from poison.
   rN:        It protects you from negative energy.
 T - a ring of protection from fire
   (You found it on level 15 of the Dungeon)
 Y - a +6 ring of strength
   (You found it on level 2 of the Vaults)
Wands
 g - a wand of digging (5)
   (You found it on level 3 of the Snake Pit)
 x - a wand of paralysis (22)
   (You took it off a salamander on level 1 of the Snake Pit)
 B - a wand of roots (16)
   (You found it on level 5 of the Dungeon)
 N - a wand of mindburst (9)
   (You found it on level 14 of the Dungeon)
 R - a wand of acid (11)
   (You found it on level 2 of the Swamp)
Scrolls
 c - a scroll of summoning
 l - 2 scrolls of magic mapping
 o - 7 scrolls of fear
 r - 10 scrolls of identify
 s - a scroll of brand weapon
 t - 16 scrolls of teleportation
 y - 6 scrolls of fog
 E - 4 scrolls of vulnerability
 J - 2 scrolls of enchant armour
 K - 4 scrolls of immolation
 M - 6 scrolls of poison
 P - a scroll of silence
Potions
 b - a potion of ambrosia
 d - 5 potions of might
 h - 4 potions of haste
 j - a potion of berserk rage
 k - 4 potions of magic
 n - 6 potions of resistance
 p - 4 potions of flight
 q - 20 potions of curing
 w - a potion of heal wounds
 A - a potion of cancellation
 G - 2 potions of lignification
 V - a potion of invisibility
Miscellaneous
 C - a tin of tremorstones (1/2)
   (You found it in a bailey)
 F - a condenser vane
   (You found it on level 14 of the Dungeon)


   Skills:
 + Level 20.6 Fighting
 - Level 18.0 Axes
 + Level 18.7 Armour
 + Level 13.9 Dodging
 - Level 20.0 Shields
 + Level 14.7 Invocations
 - Level 6.0 Evocations


You had 19 spell levels left.
You didn't know any spells.
Your spell library was empty.

Dungeon Overview and Level Annotations

Branches:
Dungeon (15/15)            Temple (1/1) D:7            Lair (5/5) D:10
  Swamp (4/4) Lair:3        Snake (4/4) Lair:3        Slime (0/5) Lair:4
    Orc (2/2) D:11            Elf (0/3) Orc:2        Vaults (5/5) D:14
  Crypt (0/3) Vaults:3     Depths (0/4) D:15        Ossuary (visited)
 Bailey (visited)         Gauntlet (visited)

Altars:
Ashenzari
Cheibriados
Dithmenos
Elyvilon
Fedhas
Gozag
Hepliaklqana
Kikubaaqudgha
Makhleb
Nemelex Xobeh
Okawaru
Qazlal
Ru
Sif Muna
Trog
Uskayaw
Vehumet
Wu Jian
Xom
Yredelemnul
Zin
The Shining One
Jiyva

Shops:
D:7 *   D:9 *   D:10 (   D:12 *   Orc:2 =[[!

Annotations:
D:7 exclusion: ice statue
D:15 Roxanne
Lair:3 exclusion: oklob plant
Vaults:1 3 runed translucent doors, t4s4d4r's ghost, adept DgFi
Vaults:2 3 runed translucent doors, QuickerDeath's ghost, adept GnMo; Uquewn Suowu's ghost, veteran GnWr; Wixyl's ghost, adept DsEE; Ywkaiffarghe's ghost, adept MeCj
Vaults:4 1 runed translucent door, Ofeuna's ghost, adept DjSu


Innate Abilities, Weirdness & Mutations

You have a pair of horns on your head.
You reflexively headbutt those who attack you in melee.


Message History

You hear a shout!
A shadow dragon comes into view.
You hear two shouts!
The shadow dragon breathes negative energy at you.
The bolt of negative energy hits you!! You partially resist.
You feel drained.
You are too injured to fight recklessly!
You hit the shadow dragon but do no damage.
Your +8 spectral broad axe hits the shadow dragon!
You block the shadow dragon's attack. x2
The shadow dragon claws you but does no damage.
You are too injured to fight recklessly!
You hit the shadow dragon. You headbutt the shadow dragon.
The shadow dragon is moderately wounded.
Your +8 spectral broad axe hits the shadow dragon!
You hear a deafening roar!
You block the shadow dragon's attack. x3
You closely miss the shadow dragon.
The shadow dragon is moderately wounded.
Your +8 spectral broad axe hits the shadow dragon!
You block the shadow dragon's attack. The shadow dragon claws you!
* * * LOW HITPOINT WARNING * * *
You block the shadow dragon's attack.
You are too injured to fight recklessly!
You hit the shadow dragon. You headbutt the shadow dragon.
The shadow dragon is heavily wounded.
Your +8 spectral broad axe hits the shadow dragon!
You are too injured to fight recklessly!
You slice the shadow dragon!!
You headbutt the shadow dragon, but do no damage.
The shadow dragon is almost dead.
Your +8 spectral broad axe hits the shadow dragon.
The shadow dragon breathes negative energy at you.
The bolt of negative energy hits you. You partially resist.
You feel drained.
* * * LOW HITPOINT WARNING * * *
The bolt of negative energy hits the storm dragon simulacrum.
The storm dragon simulacrum completely resists.
You are too injured to fight recklessly!
You are too injured to fight recklessly!
You are too injured to fight recklessly!
You are too injured to fight recklessly!
You slash the storm dragon simulacrum!
The storm dragon simulacrum is heavily damaged.
You hit the shadow dragon.
Your +8 spectral broad axe hits the shadow dragon!
You kill the shadow dragon!
Qazlal accepts your kill.
Your +8 spectral broad axe hits the storm dragon simulacrum but does no damage.
You hear a shout!
You slice the storm dragon simulacrum!!
The storm dragon simulacrum vaporises!
You hear two shouts!
A tengu reaver comes into view.
It is wielding a +1 dire flail of draining and wearing a +1 ring mail of positive energy.
You hear a shout!
The tengu reaver casts a spell at you.
The bolt of poison hits you but does no damage.
You resist.
You hear a shout!
You hear a trumpeting!
The tengu reaver points at you and mumbles some strange words.
The bolt of cold hits you! You resist.
* * * LOW HITPOINT WARNING * * *
You hear a sizzling sound!
You are too injured to fight recklessly!
You hit the tengu reaver but do no damage.
Your +8 spectral broad axe hits the tengu reaver!
The tengu reaver points at you and mumbles some strange words.
The bolt of negative energy hits you! You partially resist.
You feel drained.
* * * LOW HITPOINT WARNING * * *
You are too injured to fight recklessly!
You slice the tengu reaver!! Your headbutt misses the tengu reaver.
The tengu reaver is heavily wounded.
Your +8 spectral broad axe misses the tengu reaver.
Your +8 spectral broad axe is engulfed in blazing flames. x2
The tengu reaver barely misses you. You block the tengu reaver's attack. x2
You barely miss the tengu reaver.
The tengu reaver is heavily wounded.
Your +8 spectral broad axe closely misses the tengu reaver.
Your +8 spectral broad axe is engulfed in blazing flames. x3
You slash the tengu reaver!
The tengu reaver is heavily wounded.
Your +8 spectral broad axe barely misses the tengu reaver.
You hear a shout!
Your +8 spectral broad axe is engulfed in blazing flames.
The tengu reaver hits you but does no damage.
You partially resist. You block the tengu reaver's attack. x2
A deep elf annihilator comes into view. It is wielding a +0 rapier.
Your +8 spectral broad axe is engulfed in blazing flames.
You slice the tengu reaver!!
The tengu reaver is almost dead.
Your +8 spectral broad axe completely misses the tengu reaver.
Your +8 spectral broad axe is engulfed in blazing flames. x2
The tengu reaver points at you and mumbles some strange words.
The bolt of acid hits you!!
* * * LOW HITPOINT WARNING * * *
A tengu reaver comes into view.
It is wielding a +0 war axe and wearing a +3 ring mail of fire resistance.
Unknown command.
You feel much better.
You hear a deafening roar!
You hear a shout!
The tengu reaver points at you and mumbles some strange words.
The bolt of acid hits you!!
You die...

# . ..# . ..# . ...# .
....#
###################Q...#
..............§°.°e....#
.....$..)........°..#
.))...).........@Q..#
##################○.# .#
#


You could see 2 tengu reavers and a deep elf annihilator.

Vanquished Creatures
  Nikola (Vaults:2)
  3 tentacled monstrosities (Vaults:5)
  A titan (Vaults:1)
  3 sphinxes
  2 thorn hunters (Swamp:3)
  2 storm dragons (Vaults:5)
  3 shadow dragons (Vaults:5)
  A revenant (Vaults:1)
  2 tengu reavers (Vaults:1)
  3 nagarajas (Snake:4)
  3 fire giants
  11 vault wardens
  2 orc warlords
  A frost giant (Vaults:1)
  A war gargoyle (Vaults:5)
  10 ironbound preservers
  5 ironbound thunderhulks
  2 stone giants (Vaults:5)
  2 very ugly things
  5 eleionomae
  8 dire elephants
  Azrael (Orc:2)
  An entropy weaver (Vaults:4)
  5 bunyips
  A deep elf annihilator (Vaults:1)
  A minotaur (Gauntlet)
  A spark wasp (shapeshifter) (Vaults:1)
  2 ettins (Vaults:5)
  A deep elf death mage (Vaults:5)
  Snorg (D:11)
  2 eidola (Vaults:1)
  A fire dragon (Swamp:3)
  6 great orbs of eyes
  A deep elf high priest (Vaults:5)
  8 yaktaur captains
  3 salamander tyrants (Snake:4)
  3 shambling mangroves
  4 boulder beetles
  Erolcha (D:13)
  5 ironbound frosthearts
  34 vault guards
  2 catoblepae
  16 anacondas
  17 hydras
  A spriggan air mage (Swamp:2)
  2 ghost crabs
  9 naga warriors
  3 ogre magi
  8 two-headed ogres
  3 alligators
  13 centaur warriors
  2 death yaks (Lair:5)
  3 tengu warriors (D:14)
  10 shock serpents
  A spectral dire elephant (Lair:5)
  17 naga sharpshooters
  A shadow wraith (Vaults:1)
  A spectral death yak (Lair:5)
  2 goliath frogs (Swamp:3)
  4 salamander mystics
  A sea snake (Snake:1)
  11 skeletal warriors
  12 swamp dragons
  4 naga ritualists
  An obsidian statue (Lair:5)
  2 bog bodies
  A tengu zombie (Vaults:1)
  4 spriggan druids (Swamp:3)
  27 deep trolls
  A spectral anaconda (Lair:5)
  11 lindwurms
  17 ironbound convokers
  A harpy (Vaults:3)
  A phantasmal warrior (Vaults:5)
  4 wizards
  11 mana vipers
  2 deep elf pyromancers
  5 orc knights
  A wolf spider (D:15)
  6 necromancers
  18 ugly things
  3 orc sorcerers
  A will-o-the-wisp (Swamp:1)
  3 cyclopes
  14 slime creatures
  24 salamanders
  10 elephants
  29 black mambas
  9 guardian serpents
  2 manticores
  12 vault sentinels
  18 naga magi
  10 cane toads
  2 gargoyles
  A rime drake (Lair:1)
  A komodo dragon (shapeshifter) (D:13)
  A kobold demonologist (D:10)
  A yaktaur zombie (Vaults:1)
  11 komodo dragons
  An unseen horror (D:10)
  34 yaktaurs
  4 freezing wraiths
  A minotaur zombie (Gauntlet)
  2 efreet
  2 tengu conjurers (D:14)
  3 meliai (D:14)
  2 trolls
  9 tyrant leeches
  3 polar bears
  16 hornets
  A tengu simulacrum (Vaults:2)
  22 blink frogs
  A sphinx simulacrum (Vaults:1)
  3 spectral elephants (Lair:5)
  13 dream sheep
  A human simulacrum (Vaults:2)
  Sigmund (D:5)
  4 centaur simulacra (Gauntlet)
  A jumping spider (shapeshifter) (D:13)
  15 spriggans
  2 wraiths
  23 yaks
  2 vampires (D:11)
  4 basilisks
  3 wyverns
  A golden eye (shapeshifter) (D:14)
  A human (Snake:4)
  A fire elemental (Orc:2)
  21 vampire mosquitoes
  A steam dragon (D:8)
  2 redbacks (Vaults:4)
  A death yak simulacrum (Lair:5)
  10 swamp worms
  3 wargs
  5 spectral cane toads (Lair:5)
  4 hell hounds (Orc:2)
  44 nagas
  10 water moccasins
  A black bear (D:4)
  2 ice beasts
  41 orc warriors
  3 swamp drakes
  2 elephant zombies (Lair:5)
  5 ogres
  5 wolves (Lair:3)
  An elephant skeleton (Lair:5)
  19 centaurs
  A phantom (D:4)
  4 kobold brigands
  14 bullfrogs
  3 necrophages
  6 water moccasin zombies (Ossuary)
  10 wights
  A hornet simulacrum (Gauntlet)
  An elephant simulacrum (Lair:5)
  3 killer bees (D:9)
  2 electric eels (Snake:1)
  7 howler monkeys
  4 hounds
  9 orc priests
  A gnoll bouda (D:5)
  5 jellies
  5 iguanas
  17 orc wizards
  3 mummies
  6 gnolls
  5 adders
  A river rat (D:5)
  A shadow imp (D:7)
  3 white imps
  2 ufetubi
  7 adder zombies (Ossuary)
  2 worms
  2 dart slugs
  72 orcs
  7 ball pythons
  5 endoplasms
  2 giant cockroaches (D:1)
  7 gnoll zombies (Ossuary)
  15 hobgoblins
  4 jackals (D:4)
  3 quokkas (D:3)
  5 bats
  A frilled lizard (D:2)
  7 goblins
  A goblin zombie (D:5)
  4 hobgoblin zombies
  31 kobolds
  3 kobold zombies (Ossuary)
  6 orc zombies (Ossuary)
  10 rats
  A briar patch (Swamp:3)
  A butterfly (Lair:3)
1227 creatures vanquished.

Vanquished Creatures (others)
  Asterion (Snake:4)
  2 ironbound preservers (Vaults:2)
  A deep troll (Vaults:2)
  A swamp dragon (Swamp:4)
  A bloated husk (Swamp:1)
  A naga (Snake:4)
  A swamp drake (Swamp:4)
  An orc warrior (Orc:2)
  4 briar patches
  16 fungi
  26 plants
  26 withered plants (Lair:5)
81 creatures vanquished.

Grand Total: 1308 creatures vanquished

Notes
Turn   | Place    | Note
-------+----------+-------------------------------------------
     0 | D:1      | Flugkiller the Minotaur Fighter began the quest for the
                  | Orb.
     0 | D:1      | Reached XP level 1. HP: 19/19 MP: 0/0
    70 | D:1      | Found a faded altar of an unknown god.
    83 | D:1      | Reached XP level 2. HP: 27/27 MP: 1/1
  1000 | D:2      | Reached XP level 3. HP: 33/33 MP: 2/2
  1545 | D:3      | Reached XP level 4. HP: 36/40 MP: 3/3
  1557 | D:2      | Reached skill level 1 in Dodging
  1658 | D:3      | Found a glowing silver altar of Zin.
  1960 | D:3      | Reached XP level 5. HP: 47/47 MP: 4/4
  2506 | D:4      | Noticed a black bear
  2514 | D:4      | Killed a black bear
  2515 | D:4      | Reached skill level 5 in Fighting
  2515 | D:4      | Reached skill level 5 in Axes
  2515 | D:4      | Reached XP level 6. HP: 53/56 MP: 5/5
  2550 | D:4      | Reached skill level 5 in Armour
  3190 | D:4      | Reached XP level 7. HP: 39/61 MP: 6/6
  3822 | D:5      | Entered Level 5 of the Dungeon
  3822 | D:5      | Noticed Sigmund
  3826 | D:5      | Killed Sigmund
  3852 | D:5      | Reached XP level 8. HP: 32/70 MP: 7/7
  4138 | D:5      | Found a sand-covered staircase.
  4265 | Ossuary  | Entered an ossuary
  4934 | D:5      | Reached skill level 5 in Dodging
  5312 | D:6      | Reached XP level 9. HP: 79/79 MP: 8/8
  6371 | D:7      | Reached skill level 10 in Axes
  6593 | D:7      | Found a flagged portal.
  6637 | Bailey   | Entered a bailey
  6642 | Bailey   | Noticed an orc warlord
  6925 | Bailey   | Found a runed translucent gate.
  6926 | Bailey   | Found a runed translucent gate.
  6927 | Bailey   | Found a runed translucent gate.
  7211 | Bailey   | Killed an orc warlord
  7212 | Bailey   | Reached XP level 10. HP: 36/88 MP: 9/9
  7275 | Bailey   | Identified the +6 quarterstaff of Guile {vorpal, Int+2}
  7587 | D:7      | Found Lonaom's Neck Hole.
  7602 | D:7      | Acquired the ring of the Frog {rElec rC+ Int+4 Dex+4}
  7942 | D:7      | Found a staircase to the Ecumenical Temple.
  8054 | D:7      | Noticed an ice statue
  8110 | Temple   | Entered the Ecumenical Temple
  8305 | Temple   | Became a worshipper of Qazlal Stormbringer
  8680 | D:8      | Reached skill level 1 in Invocations
  9027 | D:8      | Identified the +2 robe of Unreason {Str+3}
  9286 | D:9      | Reached skill level 5 in Evocations
  9328 | D:9      | Reached * piety under Qazlal
  9674 | D:9      | Found Esengot's General Store.
  9674 | D:9      | Noticed a two-headed ogre
  9680 | D:9      | Killed a two-headed ogre
  9790 | D:9      | Bought a scroll of identify for 20 gold pieces
  9981 | D:10     | Entered Level 10 of the Dungeon
 10017 | D:10     | Reached skill level 5 in Invocations
 10550 | D:10     | Reached XP level 11. HP: 95/95 MP: 14/14
 10643 | D:10     | Found Hemnaw's Antique Weapon Boutique.
 10653 | D:10     | Reached ** piety under Qazlal
 10908 | D:10     | Found a staircase to the Lair.
 11768 | D:11     | Noticed Snorg
 11780 | D:11     | Killed Snorg
 11943 | D:11     | Noticed a two-headed ogre
 11951 | D:11     | Found a staircase to the Orcish Mines.
 12455 | D:11     | Killed a two-headed ogre
 12917 | Lair:1   | Entered Level 1 of the Lair of Beasts
 13128 | Lair:1   | Reached skill level 10 in Fighting
 13153 | Lair:1   | Reached skill level 10 in Armour
 13397 | Lair:1   | Reached *** piety under Qazlal
 13645 | Lair:1   | Reached XP level 12. HP: 105/107 MP: 16/16
 13778 | Lair:1   | Noticed a five-headed hydra
 13788 | Lair:1   | Killed a nine-headed hydra
 14224 | Lair:2   | Noticed a five-headed hydra
 14236 | Lair:2   | Killed an eight-headed hydra
 14691 | Lair:2   | Noticed a catoblepas
 14704 | Lair:2   | Killed a catoblepas
 15086 | Lair:2   | Noticed a five-headed hydra
 15096 | Lair:2   | Killed a ten-headed hydra
 15798 | Lair:3   | Reached **** piety under Qazlal
 15799 | Lair:3   | Reached skill level 15 in Axes
 16221 | Lair:3   | Found a staircase to the Snake Pit.
 16541 | Lair:3   | Found a staircase to the Swamp.
 16830 | Lair:4   | Reached XP level 13. HP: 106/117 MP: 18/18
 17558 | Lair:4   | Found a viscous altar of Jiyva.
 17558 | Lair:4   | Found a staircase to the Slime Pits.
 17688 | Lair:5   | Entered Level 5 of the Lair of Beasts
 18080 | Lair:5   | Found a gate leading to a gauntlet.
 18098 | Lair:5   | Reached ***** piety under Qazlal
 18127 | Gauntlet | Entered a Gauntlet
 18127 | Gauntlet | Found a transporter.
 18127 | Gauntlet | Found a transporter.
 18150 | Gauntlet | Found a runed translucent door.
 18152 | Gauntlet | Found a transporter.
 18154 | Gauntlet | Found a runed translucent door.
 18164 | Gauntlet | Found a transporter.
 18179 | Gauntlet | Found a large runed translucent door.
 18180 | Gauntlet | Found a large runed translucent door.
 18181 | Gauntlet | Found a large runed translucent door.
 18181 | Gauntlet | Found a large runed translucent door.
 18181 | Gauntlet | Found a large runed translucent door.
 18181 | Gauntlet | Found a large runed translucent door.
 18181 | Gauntlet | Found a large runed translucent door.
 18181 | Gauntlet | Found a large runed translucent door.
 18182 | Gauntlet | Found a runed translucent door.
 18182 | Gauntlet | Found a runed translucent gate.
 18183 | Gauntlet | Found a runed translucent gate.
 18183 | Gauntlet | Found a transporter.
 18183 | Gauntlet | Found a transporter.
 18183 | Gauntlet | Found a transporter.
 18185 | Gauntlet | Found a transporter.
 18185 | Gauntlet | Found a transporter.
 18197 | Gauntlet | Found a transporter.
 18213 | Gauntlet | Found a transporter.
 18222 | Gauntlet | Found a runed translucent door.
 18223 | Gauntlet | Found a transporter.
 18224 | Gauntlet | Found a runed translucent door.
 18237 | Gauntlet | Found a transporter.
 18249 | Gauntlet | Found a large runed translucent door.
 18250 | Gauntlet | Found a large runed translucent door.
 18251 | Gauntlet | Found a large runed translucent door.
 18251 | Gauntlet | Found a large runed translucent door.
 18251 | Gauntlet | Found a large runed translucent door.
 18251 | Gauntlet | Found a large runed translucent door.
 18252 | Gauntlet | Found a large runed translucent door.
 18252 | Gauntlet | Found a large runed translucent door.
 18252 | Gauntlet | Found a runed translucent gate.
 18252 | Gauntlet | Found a runed translucent door.
 18257 | Gauntlet | Found a transporter.
 18485 | Gauntlet | Found the +4 moon troll leather armour {Spirit, Regen++
                  | MP+5}
 18485 | Gauntlet | Noticed a minotaur
 18498 | Gauntlet | Killed a minotaur
 18872 | Lair:5   | Identified the +2 chain mail of Lierimp {rPois Will+}
 19201 | Lair:5   | Noticed a dire elephant
 19201 | Lair:5   | Noticed a dire elephant
 19201 | Lair:5   | Noticed a dire elephant
 19202 | Lair:5   | Noticed a dire elephant
 19586 | Lair:5   | Reached skill level 10 in Invocations
 19780 | Lair:5   | Reached XP level 14. HP: 109/128 MP: 20/20
 20339 | Lair:5   | Identified the ring "Rum Noco" {rElec rPois rC+ rN+}
 21041 | D:12     | Found Biason's General Store.
 22085 | D:13     | Noticed Erolcha
 22092 | D:13     | Killed Erolcha
 22576 | D:13     | Reached skill level 5 in Shields
 22763 | D:13     | Reached ****** piety under Qazlal
 23365 | D:14     | Noticed an ironbound preserver
 23386 | D:14     | Killed an ironbound preserver
 23769 | D:14     | Found a gate to the Vaults.
 23937 | D:14     | Reached XP level 15. HP: 139/139 MP: 21/21
 24170 | D:14     | Reached skill level 15 in Fighting
 24170 | D:14     | Reached skill level 15 in Armour
 24794 | D:15     | Entered Level 15 of the Dungeon
 24878 | D:15     | Found a staircase to the Depths.
 25232 | D:15     | Noticed Roxanne
 25291 | D:15     | Found a white marble altar of Elyvilon.
 26084 | Orc:1    | Entered Level 1 of the Orcish Mines
 26487 | Orc:2    | Entered Level 2 of the Orcish Mines
 26502 | Orc:2    | Noticed Azrael
 26514 | Orc:2    | Killed Azrael
 27155 | Orc:2    | Found a staircase to the Elven Halls.
 27240 | Orc:2    | Found Huypam's Armour Boutique.
 27240 | Orc:2    | Found Miofik's Antique Armour Emporium.
 27242 | Orc:2    | Found Muifor's Distillery.
 27244 | Orc:2    | Found Iseocs's Jewellery Shop.
 27260 | Orc:2    | Bought a +4 plate armour of poison resistance for 611 gold
                  | pieces
 27462 | Snake:1  | Entered Level 1 of the Snake Pit
 27539 | Snake:1  | Reached skill level 10 in Dodging
 27945 | Snake:1  | Reached skill level 10 in Shields
 28493 | Snake:1  | Reached XP level 16. HP: 113/151 MP: 22/22
 31139 | Snake:4  | Entered Level 4 of the Snake Pit
 31154 | Snake:4  | Found a flickering gateway to a bazaar.
 31501 | Bazaar   | Entered a bazaar
 31501 | Bazaar   | Found Qalehipteo's Antique Armour Shop.
 31661 | Bazaar   | Found Quajusk's Antique Weapon Shop.
 31681 | Bazaar   | Found Woyrph's General Store.
 31689 | Bazaar   | Bought a potion of heal wounds for 70 gold pieces
 32075 | Snake:4  | Noticed Asterion
 32081 | Snake:4  | Killed Asterion
 33288 | Snake:4  | Reached XP level 17. HP: 44/161 MP: 15/24
 34072 | Snake:4  | Got a serpentine rune of Zot
 34264 | Swamp:1  | Entered Level 1 of the Swamp
 35597 | Swamp:4  | Entered Level 4 of the Swamp
 36775 | Swamp:4  | Reached XP level 18. HP: 123/172 MP: 26/26
 36961 | Swamp:4  | Reached skill level 15 in Shields
 37408 | Swamp:4  | Got a decaying rune of Zot
 37895 | Vaults:1 | Entered Level 1 of the Vaults
 39358 | Vaults:1 | Found a runed translucent gate.
 39358 | Vaults:1 | Found a runed translucent gate.
 39358 | Vaults:1 | Found a runed translucent gate.
 39359 | Vaults:1 | Noticed t4s4d4r's ghost (adept DgFi)
 40399 | Vaults:2 | Identified the +2 ring mail of Card Tricks {rElec rPois
                  | Will+ Stlth-}
 40404 | Vaults:2 | Noticed Nikola
 40434 | Vaults:2 | Reached XP level 19. HP: 79/184 MP: 28/28
 40434 | Vaults:2 | Killed Nikola
 41008 | Vaults:2 | Found a runed translucent gate.
 41008 | Vaults:2 | Found a runed translucent gate.
 41008 | Vaults:2 | Found a runed translucent gate.
 41008 | Vaults:2 | Noticed QuickerDeath's ghost (adept GnMo)
 41008 | Vaults:2 | Noticed Ywkaiffarghe's ghost (adept MeCj)
 41008 | Vaults:2 | Noticed Wixyl's ghost (adept DsEE)
 41008 | Vaults:2 | Noticed Uquewn Suowu's ghost (veteran GnWr)
 41571 | Vaults:3 | Found a staircase to the Crypt.
 42835 | Vaults:4 | Found a runed translucent door.
 42836 | Vaults:4 | Noticed Ofeuna's ghost (adept DjSu)
 43927 | Vaults:5 | Entered Level 5 of the Vaults
 44065 | Vaults:5 | Reached XP level 20. HP: 107/195 MP: 12/29
 44166 | Vaults:5 | HP: 1/184 [tengu reaver/bolt of acid (30)]
 44167 | Vaults:5 | Killed from afar by a tengu reaver

Illustrated notes

Levels and vault maps discovered:
D:1:      shiori_arrival_oz, layout_loops_cross,
          hellmonk_ecumenical_altar_arch_garden
D:2:      layout_basic, columned_hall_lemuel
D:3:      layout_rooms, zin_academy, serial_rivers,
          chequers_serial_rivers_large_a, chequers_serial_rivers_micro_d,
          chequers_serial_rivers_small_3, chequers_serial_rivers_small_3,
          chequers_serial_rivers_room_b, chequers_serial_rivers_micro_a,
          kennysheep_cross_bottleneck, grunt_decor_one_mirror
D:4:      layout_cave_pods
D:5:      layout_loops_ring, nicolae_ossuary_entry_giza, portal_sewer_entry_c,
          uniq_sigmund
D:6:      layout_basic
D:7:      lemuel_ice_statue, layout_basic, temple_doors_cd, serial_aquarium,
          aquarium_bridge_square [aquarium_subvault_bridge,
          aquarium_subvault_bridge, aquarium_subvault_balcony,
          aquarium_subvault_wall], aquarium_window_corridor_1,
          aquarium_window_1, aquarium_view_2f, aquarium_view_2e, enter_bailey_8,
          nicolae_shop_sticking_my_neck_out
D:8:      layout_rooms, serial_corexii_hall, chequers_hall_statues_wall_a,
          corexii_hall_statues_s, minmay_misc_feat_chi, chequers_garden,
          kennysheep_donut
D:9:      layout_cave_pools, serial_shops, shop
D:10:     layout_cave_pods, david_lair_shrubbed, serial_shops,
          nicolae_shop_trees, chequers_serial_rivers_room_a
D:11:     layout_roguey, david_orc_1_choice, uniq_snorg
D:12:     layout_stronghold, serial_shops, nicolae_shop_statue_plus
D:13:     layout_loops_corners, lemuel_flamethrower_2, uniq_erolcha
D:14:     layout_basic, skrybe_vaults_entry_preservation,
          portal_ice_cave_entry_horrid_things
D:15:     hangedman_depths_entry_try_elsewhere_first, layout_layer_cave,
          minmay_misc_feat_roman, elyvilon_altar_5, uniq_roxanne
Temple:   minmay_crystal_snake_temple
Lair:1:   layout_chaotic_city, nzn_random_ring, grunt_megastairs_1,
          serial_bayou_shore_b
Lair:2:   layout_cave_pods, st_stairs_12
Lair:3:   layout_cave_shapes, minmay_swamp_entry_worms,
          guppyfry_snake_entry_island, lemuel_fruit_fields
Lair:4:   layout_regular_city, slime_entry_1
Lair:5:   due_jungle_book, layout_regular_city, gauntlet_entry_generic,
          eino_small_chamber_without_monster, minmay_hedge_maze,
          serial_bayou_pond_e
Swamp:1:  layout_basic_swamp, gammafunk_ghost_arena,
          evilmike_swamp_ruin_rubble_2, uniq_louise
Swamp:2:  layout_basic_swamp, evilmike_swamp_ruin_house_4
Swamp:3:  layout_basic_swamp, hangedman_swamp_lotus
Swamp:4:  swamp_alternative, layout_basic_swamp
Snake:1:  layout_chambers, serial_bayou_shore_b, serial_bayou_shore_a,
          grunt_megastairs_3
Snake:2:  layout_gridlike, special_room, grunt_ministairs_12
Snake:3:  layout_basic
Snake:4:  snake_pit_salamanders_mu, layout_cave_town, serial_shops,
          bzr_entry_customers, uniq_asterion
Orc:1:    layout_caves, basic_altar
Orc:2:    st_orc_rangers, layout_caves, uniq_azrael
Vaults:1: gammafunk_ghost_spectres, hangedman_vaults_cutoff,
          nicolae_vaults_network_star, vaults_room_door_hall,
          ontoclasm_vaults_misaligned, v_rooms_6,
          dpeg_vaults_pockets_of_resistance, ontoclasm_vaults_idyll, v_misc_8,
          grunt_vaults_hallway_long, hangedman_vaults_slice,
          vaults_dpeg_diagonal, vaults_room_stairs_pillars,
          layout_vaults_big_cross, serial_shops, shop
Vaults:2: gammafunk_ghost_cemetery, ontoclasm_vaults_hangar, v_misc_13,
          ontoclasm_vaults_fault, nicolae_vaults_little_ls,
          ontoclasm_vaults_misaligned, v_rooms_3, serial_ice_g,
          nicolae_vaults_yaktaur_gun_rack, vaults_dpeg_ring,
          layout_vaults_chaotic_city, uniq_nikola
Vaults:3: gammafunk_ghost_arena, vaults_standard_mumra_x,
          vaults_room_grunt_arrival_ludios, v_misc_22, v_misc_8,
          gammafunk_sealed_library, vaults_room_grunt_arrival_checkpoint,
          nicolae_vaults_angled_halls, vaults_mumra_lcd, ontoclasm_vaults_chip,
          nicolae_vaults_ninety_degrees, v_misc_5, layout_vaults_maze,
          dummy_crypt_entry, serial_shops, shop, uniq_saint_roka, uniq_mennas
Vaults:4: ebering_ghost_reflecting_pool, v_misc_16,
          nicolae_vaults_network_quinsquares
          [nicolae_vaults_network_quincunx_subvault,
          nicolae_vaults_network_quincunx_subvault,
          nicolae_vaults_network_quincunx_subvault,
          nicolae_vaults_network_quincunx_subvault],
          nicolae_vaults_little_squares_3, grunt_vaults_bifocal,
          hangedman_vaults_slice, v_misc_18, nicolae_vaults_hallways_thing,
          v_pattern_2, hangedman_vaults_slice, ontoclasm_vaults_decontamination,
          ontoclasm_vaults_loading_screen, layout_vaults_omnigrid
Vaults:5: serial_shops, uniq_margery

Skill      XL: |  1  2  3  4  5  6  7  8  9 10 11 12 13 14 15 16 17 18 19 |
---------------+----------------------------------------------------------+-----
Axes           | 3 4 5 6 7 9 10 11 13 15 17 18 | 18.0
Armour         | 4 5 6 7 8 10 11 13 14 15 16 17 18 | 18.7
Fighting       | 4 5 6 7 8 10 11 13 14 16 17 18 19 20 | 20.6
Dodging        | 1 2 4 5 6 8 11 12 13 | 13.9
Evocations     | 4 6 |  6.0
Invocations    | 5 7 8 10 11 12 14 | 14.7
Shields        | 6 11 13 14 16 20 | 20.0

Action                   |  1- 3 |  4- 6 |  7- 9 | 10-12 | 13-15 | 16-18 | 19-21 || total
-------------------------+-------+-------+-------+-------+-------+-------+-------++-------
Melee: War axe           |    74 |    90 |   255 |       |       |       |       ||   419
       Headbutt          |     6 |    14 |    75 |    83 |   202 |   260 |    89 ||   729
       Battleaxe         |       |       |    92 |       |       |       |       ||    92
       Broad axe         |       |       |       |   394 |   844 |  1016 |   288 ||  2542
Invok: Disaster Area     |       |       |       |       |     1 |     9 |     6 ||    16
       Upheaval          |       |       |       |       |       |     1 |     2 ||     3
Evoke: Wand              |       |       |       |     3 |     1 |     1 |     2 ||     7
       Tin of tremorston |       |       |       |     3 |       |     4 |     1 ||     8
  Use: Scroll            |       |       |    10 |     8 |    10 |     8 |     5 ||    41
       Potion            |       |       |     4 |       |     5 |     9 |     5 ||    23
 Stab: Invisible         |       |       |       |       |     6 |       |       ||     6
       Confused          |       |       |       |       |       |     1 |       ||     1
       Distracted        |       |       |       |       |       |       |     6 ||     6
Armor: Scale mail        |    28 |    18 |       |       |       |       |       ||    46
       Chain mail        |       |    24 |   112 |    47 |       |       |       ||   183
       Skin              |       |       |     1 |       |       |       |       ||     1
       Plate armour      |       |       |       |   114 |   264 |   472 |    66 ||   916
Dodge: Dodged            |    37 |    28 |    96 |   106 |   255 |   391 |    43 ||   956
       Repelled          |       |       |       |       |     8 |    20 |     1 ||    29
Block: Buckler           |    28 |    48 |    82 |   260 |   683 |    17 |       ||  1118
       Reflection        |       |       |     4 |     5 |   107 |   126 |    39 ||   281
       Other             |       |       |    19 |       |       |       |       ||    19
       Kite shield       |       |       |       |       |       |  1161 |       ||  1161
       Tower shield      |       |       |       |       |       |   190 |   340 ||   530

Table legend: (Time is in decaauts)
 A = Elapsed time spent in this place.
 B = Non-inter-level travel time spent in this place.
 C = Inter-level travel time spent in this place.
 D = Time resting spent in this place.
 E = Time spent auto-exploring this place.
 F = Levels seen in this place.
 G = Mean time per level.
                   A        B        C        D        E       F      G
               +--------+--------+--------+--------+--------+-----+--------+
         Total |  44064 |  41941 |   2123 |   8867 |  26982 |  40 | 1101.6 |
       Dungeon |  17205 |  16212 |    993 |   2196 |  11905 |  15 | 1147.0 |
        Temple |    216 |    176 |     40 |      0 |    155 |   1 |  216.0 |
          Lair |   7417 |   6994 |    423 |   1315 |   4799 |   5 | 1483.4 |
         Swamp |   3536 |   3373 |    163 |   1894 |    933 |   4 |  884.0 |
     Snake Pit |   6466 |   6201 |    265 |   1292 |   3977 |   4 | 1616.5 |
  Orcish Mines |   1209 |   1149 |     60 |    235 |    745 |   2 |  604.5 |
        Vaults |   6198 |   6022 |    176 |   1538 |   3583 |   5 | 1239.6 |
        Bazaar |    202 |    202 |      0 |      0 |    185 |   1 |  202.0 |
       Ossuary |    274 |    274 |      0 |      0 |    135 |   1 |  274.0 |
        Bailey |    930 |    930 |      0 |    310 |    427 |   1 |  930.0 |
      Gauntlet |    405 |    405 |      0 |     87 |    136 |   1 |  405.0 |
               +--------+--------+--------+--------+--------+-----+--------+

Top non-repeatable levels by time:
 Snake:4: 2373 daAuts
Vaults:1: 2335 daAuts
  Lair:5: 2333 daAuts
 Swamp:3: 2257 daAuts
Vaults:4: 2210 daAuts
 Snake:1: 1942 daAuts
    D:11: 1682 daAuts
    D:14: 1613 daAuts
  Lair:1: 1550 daAuts
     D:4: 1540 daAuts
  Lair:2: 1521 daAuts
    D:12: 1478 daAuts
    D:10: 1241 daAuts
     D:7: 1214 daAuts
 Snake:3: 1207 daAuts
